 Dungeon Crawl Stone Soup version 0.17.0-56-gd8de76c (webtiles) character file.

114 Ijustatesigmund the Conjurer (level 4, -1/24 HPs)
             Began as a Deep Elf Wizard on Dec 6, 2015.
             Engulfed by a cloud of noxious fumes (2 damage)
             ... on level 3 of the Dungeon.
             The game lasted 00:07:09 (1928 turns).

Ijustatesigmund the Conjurer (Deep Elf Wizard)      Turns: 1928, Time: 00:07:09

Health: -1/24      AC:  4    Str:  4    XL:     4   Next: 67%
Magic:  9/12       EV: 13    Int: 24    God:
Gold:   63         SH:  0    Dex: 16    Spells: 4 memorised, 3 levels left

rFire  . . .     SeeInvis .     h - +2 dagger
rCold  . . .     Clarity  .     a - +0 robe
rNeg   . . .     SustAt   .     (no shield)
rPois  .         Gourm    .     b - +0 hat
rElec  .         Spirit   .     i - +0 cloak
rCorr  .         Warding  .     r - +0 pair of gloves
rMut   .         Stasis   .     (no boots)
MR     .....                    (no amulet)
Stlth  +.........               (no ring)
                                o - +3 ring of dexterity

@: confused, repel missiles, not resistant to hostile enchantments, very
unstealthy
A: no striking features
a: no special abilities


You were on level 3 of the Dungeon.
You were not hungry.

You visited 1 branch of the dungeon, and saw 3 of its levels.

You collected 63 gold pieces.

Inventory:

Hand Weapons
 h - a +2 dagger (weapon)
Armour
 a - a +0 robe (worn)
 b - a +0 hat (worn)
 i - a +0 cloak (worn)
 r - a +0 pair of gloves (worn)
Jewellery
 o - a +3 ring of dexterity (left hand)
Wands
 f - a wand of flame (33)
 g - a wand of frost (19)
Scrolls
 e - a scroll of identify
 l - 2 scrolls of teleportation
 m - a scroll of remove curse
Potions
 k - a potion of mutation
 n - a potion of flight
 p - a potion of agility
 s - a potion of magic
Books
 c - a book of Minor Magic

   Spells                             Type                      Level
   a - Magic Dart                     Conjuration                  1
   b - Blink                          Translocation                2
   c - Call Imp                       Summoning                    2
   d - Repel Missiles                 Charms/Air                   2
   e - Slow                           Hexes                        2
   f - Conjure Flame                  Conjuration/Fire             3
   g - Mephitic Cloud                 Conjuration/Poison/Air       3
Comestibles
 d - a bread ration
 j - a slice of pizza
 q - 2 meat rations
 t - a chunk of flesh


   Skills:
 + Level 2.4 Dodging
 - Level 2.4 Stealth
 + Level 4.4 Spellcasting
 - Level 5.0 Conjurations
   Level 1.1 Summonings
 - Level 1.1 Translocations


You had 3 spell levels left.
You knew the following spells:

 Your Spells              Type           Power        Failure   Level  Hunger
a - Magic Dart            Conj           ####         1%          1    None
b - Blink                 Tloc           N/A          12%         2    None
c - Repel Missiles        Chrm/Air       #.....       14%         2    None
d - Mephitic Cloud        Conj/Pois/Air  ##......     17%         3    ##.....


Dungeon Overview and Level Annotations

Branches:
Dungeon (3/15)

Altars:


Message History

Okay, then.
You are engulfed in noxious fumes.
You choke on the stench!
You are more confused.
The giant cockroach is engulfed in noxious fumes.
The giant cockroach appears confused.
The orc priest calls down the wrath of Beogh upon you.
Pain shoots through your body!
* * * LOW HITPOINT WARNING * * *
The giant cockroach is engulfed in noxious fumes.
The giant cockroach appears confused.
In your confused state, you trip and fall back down the stairs.
* * * LOW HITPOINT WARNING * * *
You are engulfed in noxious fumes.
You choke on the stench!
You are more confused.
The giant cockroach is engulfed in noxious fumes.
The giant cockroach appears confused.
You bump into the rock wall.
You are engulfed in noxious fumes.
You choke on the stench!
You are more confused.
You die...

#.# #.# #.#
#.# #.# #.#
# #.#
##..####@#
......§§o#
.##.....§#
#####s..#
.......
#.##...##s.
oo ##.##
... ## #.#
.# #.# #


You could see an orc priest and a giant cockroach (confused).

Vanquished Creatures
  Jessica (D:2)
  Natasha (thrice) (D:2)
  An adder (D:2)
  2 oozes
  A worm (D:2)
  A giant gecko (D:1)
  3 giant cockroaches
  6 goblins
  4 hobgoblins
  3 bats (D:2)
  A giant newt (D:1)
  6 kobolds
  5 rats
37 creatures vanquished.

Notes
Turn   | Place    | Note
--------------------------------------------------------------
     0 | D:1      | Ijustatesigmund the Deep Elf Wizard began the quest for the Orb.
     0 | D:1      | Reached XP level 1. HP: 10/10 MP: 7/7
   184 | D:1      | Reached XP level 2. HP: 15/15 MP: 0/9
   188 | D:1      | Learned a level 2 spell: Blink
   191 | D:1      | Learned a level 2 spell: Repel Missiles
   879 | D:2      | Noticed Jessica
   884 | D:2      | Killed Jessica
   884 | D:2      | Reached XP level 3. HP: 19/19 MP: 4/10
   944 | D:2      | Learned a level 3 spell: Mephitic Cloud
  1234 | D:2      | Reached XP level 4. HP: 24/24 MP: 9/12
  1303 | D:2      | Noticed Natasha
  1306 | D:2      | Killed Natasha
  1523 | D:2      | Noticed Natasha
  1526 | D:2      | Killed Natasha
  1526 | D:2      | Reached skill level 5 in Conjurations
  1656 | D:2      | Noticed Natasha
  1656 | D:2      | Killed Natasha
  1927 | D:3      | HP: 1/24 [fell downstairs (1)]
  1928 | D:3      | Engulfed by a cloud of noxious fumes

Action                   |  1- 3 |  4- 6 || total
-------------------------+-------+-------++-------
Melee: Hand axe          |     1 |       ||     1
 Cast: Magic Dart        |    80 |    25 ||   105
       Repel Missiles    |     1 |     1 ||     2
       Mephitic Cloud    |       |     1 ||     1
  Use: Scroll            |     8 |     6 ||    14
  Eat: Chunk             |     1 |     2 ||     3
